 Dungeon Crawl Stone Soup version 0.31-a0-986-g5e6e4ef867 (webtiles) character file.

Game seed: 5343525061262225202

8598 dialectric the Grappler (level 11, -5/102 HPs)
             Began as a Troll Shapeshifter on Nov 24, 2023.
             Was an Initiate of Gozag.
             Slain by an orc knight
             ... wielding a +0 great sword
              (17 damage)
             ... on level 1 of the Orcish Mines.
             The game lasted 00:12:45 (8722 turns).

dialectric the Grappler (Troll Shapeshifter)        Turns: 8722, Time: 00:12:46

Health: -5/102     AC: 13    Str: 24    XL:     11   Next: 12%
Magic:  10/10      EV: 19    Int:  6    God:    Gozag
Gold:   2369       SH:  0    Dex: 13    Spells: 6/10 levels left

rFire   + +          .
                       - Unarmed
rCold   x . .        (no shield)
rNeg    . . .        n - +0 fire dragon scales
rPois   .            (helmet currently unavailable)
rElec   .            (cloak currently unavailable)
rCorr   .            (gloves unavailable)
SInv    .            (boots unavailable)
Will    .....        (no amulet) Stlth
                     u - +5 ring of evasion
HPRegen 1.17/turn    F - +5 ring of evasion
MPRegen 0.12/turn

%: no passive effects
@: beast-form
A: beast (slay +4), large, unfitting armour, claws 3, regeneration 1, shaggy fur
1, tough skin 1
a: Begin Untransformation, Renounce Religion, Potion Petition, Call Merchant,
Bribe Branch


You were on level 1 of the Orcish Mines.
You worshipped Gozag.
Gozag was most pleased with you.
You were a hulking beast.
You visited 3 branches of the dungeon, and saw 13 of its levels.

You collected 2369 gold pieces.

Inventory:

Hand Weapons
 q - a +0 morningstar
 A - a +4 mace
 K - a +5 flail
Missiles
 m - 12 javelins
 C - 2 throwing nets
 N - 6 poisoned darts (quivered)
Armour
 a - a +0 animal skin
 h - a +0 cloak
 n - +0 fire dragon scales (worn)
 y - a +2 buckler
 E - a scarf of repulsion
 L - a +0 kite shield
Jewellery
 j - an amulet of magic regeneration
 o - a ring of magical power
 u - a +5 ring of evasion (left claw)
 v - a ring of wizardry
 F - a +5 ring of evasion (right claw)
 J - an amulet of the acrobat
Talismans
 c - a beast talisman
 d - a flux talisman
Wands
 k - a wand of roots (8)
Scrolls
 g - 2 scrolls of noise
 l - 3 scrolls of amnesia
 r - 6 scrolls of teleportation
 w - a scroll of blinking {unknown}
 z - a scroll of enchant weapon {unknown}
 G - 2 scrolls of immolation {unknown}
 H - a scroll of identify
 I - a scroll of fog {unknown}
 M - a scroll of silence {unknown}
 O - 2 scrolls of fear {unknown}
Potions
 b - 3 potions of lignification
 e - 7 potions of curing
 f - 2 potions of attraction {unknown}
 i - a potion of mutation {unknown}
 p - a potion of enlightenment
 s - a potion of might
 t - 2 potions of ambrosia {unknown}
 x - a potion of cancellation
 B - 2 potions of haste {unknown}
 D - a potion of magic {unknown}


   Skills:
 + Level 5.0 Fighting
 + Level 8.7 Armour
 - Level 4.0 Dodging
 + Level 9.9 Unarmed Combat
 + Level 7.1 Shapeshifting


You had 6 spell levels left.
You knew the following spells:

 Your Spells              Type           Power      Damage    Failure   Level
a - Sticky Flame          Conj/Fire      0%         2d3       100%        4

Your spell library contained the following spells:

 Spells                   Type           Power      Damage    Failure   Level
 Magic Dart               Conj           0%         1d3       77%         1
 Inner Flame              Hex/Fire       0%         N/A       98%         3
 Anguish                  Hex/Necr       0%         N/A       100%        4
 Cause Fear               Hex            0%         N/A       100%        4
 Flame Wave               Conj/Fire      0%         2d4       100%        4
 Vhi's Electric Charge    Tloc/Air       0%         N/A       100%        4
 Arcjolt                  Conj/Air       0%         1d10      100%        5
 Plasma Beam              Fire/Air       0%         2x1d10    100%        6
 Enfeeble                 Hex            0%         N/A       100%        7


Dungeon Overview and Level Annotations

Branches:
Dungeon (10/15)            Temple (1/1) D:6            Lair (0/5) D:10
    Orc (2/2) D:9
    Elf: Orc:2

Altars:
Ashenzari
Cheibriados
Dithmenos
Elyvilon
Fedhas
Gozag
Hepliaklqana
Kikubaaqudgha
Makhleb
Nemelex Xobeh
Okawaru
Qazlal
Ru
Sif Muna
Trog
Uskayaw
Vehumet
Wu Jian
Xom
Yredelemnul
Zin
The Shining One

Shops:
D:1 (

Annotations:
D:9 1 runed translucent door, Sanktem7's ghost, journeyman MiFi


Innate Abilities, Weirdness & Mutations

You are a hulking beast.
Your limbs bulge with bestial killing power. (Slay +4)
You are too large for most types of armour.
You have claws for hands.
Your natural rate of healing is unusually fast.
You are covered in fur. (AC +1)
You have tough skin. (AC +1)


Message History

You scratch the orc knight but do no damage.
You completely miss the orc knight. The orc knight misses you.
You scratch the orc knight.
The orc knight is lightly wounded.
The orc knight hits you with a +0 great sword!!
You claw the orc knight!
The orc knight is moderately wounded.
The orc knight closely misses you.
Unknown command.
You claw the orc knight!
The orc knight is heavily wounded.
The orc knight misses you.
You claw the orc knight!
The orc knight is severely wounded.
You claw the orc knight!
The orc knight is severely wounded.
The orc knight completely misses you.
You barely miss the orc knight.
The orc knight is severely wounded.
The orc knight hits you with a +0 great sword!!
You scratch the orc knight.
The orc knight is severely wounded.
The orc knight hits you with a +0 great sword!!
* * * LOW HITPOINT WARNING * * *
You barely miss the orc knight.
The orc knight is severely wounded.
The orc knight completely misses you.
You scratch the orc knight but do no damage.
The orc knight is severely wounded.
You closely miss the orc knight.
The orc knight is severely wounded.
The orc knight hits you with a +0 great sword!
* * * LOW HITPOINT WARNING * * *
Unknown command.
Okay, then.
Okay, then.
You feel better.
The orc knight hits you with a +0 great sword!
You die...
Your body crumbles into a pile of gold.

### ######..............##
##.####.#.##....#....#.#...##
#...##................#.....#
#.........................<##
##............#..........#.##
#.........................##
##.#...##................##
#.....##.....[.)........##
##.....#.....oh.........##
###..........)[#..#...#.###
###.#............##.....##
##.........#..............#
#..........###.....#..##.##
##.##..##..###.........###
#...#####...##..........#
##..## ##.##......#.#.##
#...# ####...#..#####


You could see an orc knight.

Vanquished Creatures
  A two-headed ogre (D:8)
  A troll (D:9)
  Sigmund (D:2)
  A wraith (D:10)
  A shadow (D:10)
  14 yaks (D:10)
  2 wyverns (D:10)
  A basilisk (D:10)
  2 steam dragons (D:7)
  A warg (Orc:2)
  5 water moccasins
  8 orc warriors
  4 sky beasts (D:7)
  3 ogres
  A black bear (D:6)
  An ice beast (D:7)
  A centaur (D:9)
  2 phantoms
  3 bullfrogs
  A kobold brigand (D:7)
  A gnoll sergeant (D:8)
  5 scorpions
  8 wights
  2 howler monkeys (D:9)
  4 hounds
  13 orc priests
  2 jellies (D:4)
  A sleepcap (D:5)
  A gnoll bouda (Temple)
  4 iguanas
  9 orc wizards
  7 gnolls
  3 adders
  2 ufetubi (D:5)
  4 worms
  A dart slug (D:1)
  38 orcs
  7 endoplasms
  3 giant cockroaches
  2 hobgoblins
  2 jackals (D:1)
  6 kobolds
  8 quokkas
  8 ball pythons
  6 bats
  9 frilled lizards
  7 goblins
  8 rats
225 creatures vanquished.

Notes
Turn   | Place    | Note
-------+----------+-------------------------------------------
     0 | D:1      | dialectric the Troll Shapeshifter began the quest for the
                  | Orb.
     0 | D:1      | Reached XP level 1. HP: 18/18 MP: 0/0
    39 | D:1      | Reached skill level 1 in Fighting
    98 | D:1      | Found a faded altar of an unknown god.
   104 | D:1      | Prayed at the altar of an unknown god.
   104 | D:1      | Became a worshipper of Gozag Ym Sagoz the Greedy
   155 | D:1      | Reached XP level 2. HP: 24/27 MP: 1/1
   554 | D:1      | Reached XP level 3. HP: 31/33 MP: 2/2
   817 | D:1      | Found Jorak's Antique Weapon Boutique.
   943 | D:2      | Noticed Sigmund
   948 | D:2      | Killed Sigmund
   949 | D:2      | Reached skill level 4 in Unarmed Combat
   949 | D:2      | Reached XP level 4. HP: 42/42 MP: 3/3
   949 | D:2      | Reached XP level 5. HP: 49/49 MP: 4/4
  2190 | D:3      | Reached XP level 6. HP: 47/59 MP: 5/5
  2610 | D:3      | Found a snail-covered altar of Cheibriados.
  2753 | D:4      | Identified the "Plog"
  2839 | D:4      | Reached skill level 1 in Armour
  2987 | D:4      | Noticed an angel
  2988 | D:4      | Found a glowing silver altar of Zin.
  3211 | D:4      | Reached XP level 7. HP: 43/66 MP: 6/6
  3563 | D:4      | Found an ancient bone altar of Kikubaaqudgha.
  3566 | D:4      | Found a shimmering blue altar of Sif Muna.
  3569 | D:4      | Found a radiant altar of Vehumet.
  3964 | D:5      | Entered Level 5 of the Dungeon
  4157 | D:5      | Found a shimmering altar of Xom.
  4172 | D:5      | Reached skill level 5 in Unarmed Combat
  4325 | D:5      | Reached skill level 5 in Shapeshifting
  4397 | D:5      | Reached XP level 8. HP: 75/75 MP: 7/7
  5016 | D:6      | Found a staircase to the Ecumenical Temple.
  5090 | D:6      | Learned a level 4 spell: Sticky Flame
  5167 | Temple   | Entered the Ecumenical Temple
  5354 | D:6      | Reached skill level 6 in Unarmed Combat
  5370 | D:6      | Found a broken altar of Ashenzari.
  5849 | D:7      | Reached skill level 5 in Armour
  5890 | D:7      | Reached XP level 9. HP: 84/84 MP: 8/8
  5980 | D:7      | Reached skill level 7 in Unarmed Combat
  6848 | D:8      | Found a hazy altar of Hepliaklqana.
  6849 | D:8      | Found a faded altar of an unknown god.
  6968 | D:9      | Noticed a two-headed ogre
  6982 | D:8      | Killed a two-headed ogre
  7020 | D:9      | Found a staircase to the Orcish Mines.
  7059 | D:9      | Reached skill level 8 in Unarmed Combat
  7059 | D:9      | Reached XP level 10. HP: 72/88 MP: 9/9
  7557 | D:9      | Found a runed translucent door.
  7557 | D:9      | Noticed Sanktem7's ghost (journeyman MiFi)
  7654 | Volcano  | Identified the "Zuriepp"
  7654 | Orc:1    | Entered Level 1 of the Orcish Mines
  7849 | Orc:2    | Entered Level 2 of the Orcish Mines
  7851 | Orc:2    | Noticed an orc sorcerer
  7872 | Orc:2    | Noticed a rust devil
  7900 | Orc:1    | Reached skill level 9 in Unarmed Combat
  7953 | D:10     | Entered Level 10 of the Dungeon
  8268 | D:10     | Found a staircase to the Lair.
  8315 | D:10     | Reached XP level 11. HP: 101/101 MP: 10/10
  8412 | D:10     | Reached skill level 5 in Fighting
  8460 | D:10     | Found a sparkling altar of Nemelex Xobeh.
  8570 | D:10     | Noticed a skeletal warrior
  8571 | D:10     | Noticed a skeletal warrior
  8574 | D:10     | Noticed a skeletal warrior
  8693 | Orc:2    | Noticed an orc knight
  8721 | Orc:1    | HP: 4/102 [orc knight/+0 great sword (12)]
  8722 | Orc:1    | Slain by an orc knight

Illustrated notes

Levels and vault maps discovered:
D:1:      wander_arrival_peaceful_grave, layout_basic, serial_shops,
          nicolae_shop_tiny_real_fake_doors, basic_ecumenical_altar,
          minmay_shallow_snake_nest
D:2:      layout_basic, minivault_5, uniq_sigmund
D:3:      layout_basic, mainiacjoe_overflow_paths
D:4:      layout_layer_cave, grunt_temple_overflow_magic_moments, zin_angel,
          serial_bayou, serial_bayou_shore_a, serial_bayou_shore_b,
          serial_bayou_shore_b, serial_bayou_lake_a
D:5:      layout_basic, xom_butterflies, kennysheep_big_empty_room,
          kennysheep_generic_room_8
D:6:      layout_rooms, nicolae_overflow_crystal_walls,
          minmay_temple_entry_arrows, chequers_serial_rivers_micro_d
D:7:      layout_loops_ring, hangedman_misty_isle
D:8:      layout_cave_pools, beargit_hepliaklqana_dungeon_heroes,
          kennysheep_generic_room_14
D:9:      layout_cave_pools, david_orc_2, gammafunk_ghost_grave,
          amethyst_killhole
D:10:     layout_rooms, kennysheep_little_box, minmay_lair_entry_grove,
          serial_co_window_serial, co_window_cross_1, co_window_corner_a,
          co_window_corner_a, co_window_of_opportunity_a,
          co_window_of_opportunity_a, co_window_cross_4, co_window_broadway_c,
          co_window_corner_cb, co_window_paths_c, co_window_2corner,
          co_window_unsneaky_path_a, co_window_2corner, co_window_paths_e,
          glass_columns_a, glass_columns_b, glass_columns_b, glass_columns_c
Temple:   compressed_dpeg_triangle_lava_temple
Orc:1:    orc_temple, layout_caves
Orc:2:    st_orc_ogre_mass, layout_caves, basic_altar, nicolae_orc_lava_tube,
          nicolae_orc_flooded_monolith

Skill      XL: |  1  2  3  4  5  6  7  8  9 10 11 |
---------------+----------------------------------+-----
Fighting       | 1 2 3 4 5 |  5.0
Dodging        | 2 3 4 |  4.0
Unarmed Combat | 4 5 6 8 9 |  9.9
Shapeshifting  | 4 5 7 |  7.1
Armour         | 1 3 5 7 8 |  8.7

Action                     |  1- 3 |  4- 6 |  7- 9 | 10-12 || total
---------------------------+-------+-------+-------+-------++-------
  Melee: Unarmed           |    65 |   105 |   254 |   208 ||   632
         Punch             |     2 |     6 |     3 |    14 ||    25
  Throw: Javelin           |       |       |     2 |       ||     2
  Evoke: Wand              |       |       |       |     1 ||     1
    Use: Potion            |       |       |     1 |     2 ||     3
         Scroll            |       |       |     7 |       ||     7
   Stab: Sleeping          |       |     2 |       |       ||     2
         Distracted        |       |       |     4 |       ||     4
 Armour: Animal skin       |    34 |    20 |       |       ||    54
         Fire dragon scale |       |    44 |   149 |   125 ||   318
  Dodge: Dodged            |    34 |    30 |   163 |   142 ||   369

Table legend: (Time is in decaauts)
 A = Elapsed time spent in this place.
 B = Non-inter-level travel time spent in this place.
 C = Inter-level travel time spent in this place.
 D = Time resting spent in this place.
 E = Time spent auto-exploring this place.
 F = Levels seen in this place.
 G = Mean time per level.
                   A        B        C        D        E       F      G
               +--------+--------+--------+--------+--------+-----+--------+
         Total |   8654 |   8339 |    315 |    177 |   6112 |  13 |  665.7 |
       Dungeon |   8309 |   8009 |    300 |    177 |   5963 |  10 |  830.9 |
        Temple |     31 |     31 |      0 |      0 |      0 |   1 |   31.0 |
  Orcish Mines |    313 |    298 |     15 |      0 |    149 |   2 |  156.5 |
               +--------+--------+--------+--------+--------+-----+--------+

Top non-repeatable levels by time:
     D:4: 1175 daAuts
     D:5: 1046 daAuts
     D:2: 1036 daAuts
     D:1: 939 daAuts
     D:7: 799 daAuts
     D:3: 799 daAuts
     D:9: 776 daAuts
    D:10: 623 daAuts
     D:6: 578 daAuts
     D:8: 534 daAuts
   Orc:1: 289 daAuts
  Temple: 31 daAuts
   Orc:2: 24 daAuts
